Selects Airborne Battlegroup
Construct Weapon Support Center
Construct Medical Station
Selects Paratrooper Squad Paradrop
Paratrooper Squad Paradrop
Paratrooper Squad Paradrop
Mechanized Support Center
Paratrooper Squad Paradrop
Designate Forward Repair Station
Paratrooper Squad Paradrop
Improved M9 Bazooka Rockets
Selects Anti-tank Gun Team Paradrop
Anti-tank Gun Team Paradrop
Anti-tank Gun Team Paradrop